 Dungeon Crawl Stone Soup version 0.19-b1-5-gdc9fa9d (webtiles) character file.

56 Holeefuk the Chopper (level 4, -2/35 HPs)
             Began as a Formicid Fighter on Oct 31, 2016.
             Slain by a gnoll (3 damage)
             ... on level 2 of the Dungeon.
             The game lasted 00:02:46 (1189 turns).

Holeefuk the Chopper (Formicid Fighter)             Turns: 1189, Time: 00:02:47

Health: -2/35      AC:  6    Str: 21    XL:     4   Next: 17%
Magic:  4/4        EV:  5    Int:  8    God:
Gold:   95         SH: 14    Dex: 10    Spells: 0 memorised, 3 levels left

rFire  . . .     SeeInvis +     a - +0 war axe
rCold  . . .     Gourm    .     b - +0 scale mail
rNeg   . . .     Faith    .     m - +0 large shield
rPois  .         Spirit   .     (helmet unavailable)
rElec  .         Reflect  .     (no cloak)
rCorr  .         Harm     .     (no gloves)
MR     .....                    (no boots)
Stlth  ..........               (no amulet)
                                (no ring)
                                l - ring of flight

@: no status effects
A: permanent stasis, dig shafts and tunnels, four strong arms, antennae 3
a: Dig, Shaft Self, Evoke Flight


You were on level 2 of the Dungeon.
You were not hungry.

You visited 1 branch of the dungeon, and saw 2 of its levels.

You collected 95 gold pieces.

Inventory:

Hand Weapons
 a - a +0 war axe (weapon)
Armour
 b - a +0 scale mail (worn)
 c - a +0 shield
 m - a +0 large shield (worn)
Jewellery
 l - a ring of flight (left hand)
Scrolls
 h - a scroll of enchant armour {unknown}
 i - 2 scrolls of teleportation {unknown}
 j - a scroll of remove curse {unknown}
Potions
 d - a potion of might
 e - a potion of curing {unknown}
 g - a potion of invisibility {unknown}
Comestibles
 f - a bread ration
 k - 4 fruits
 n - a royal jelly


   Skills:
 - Level 3.2 Fighting
 + Level 4.1 Axes
 - Level 3.2 Armour
 - Level 3.6 Shields


You had 3 spell levels left.
You didn't know any spells.

Dungeon Overview and Level Annotations

Branches:
Dungeon (2/15)

Altars:


Innate Abilities, Weirdness & Mutations

You are under a permanent stasis effect.
You can dig through walls and to a lower floor.
Your four strong arms can wield two-handed weapons with a shield.
You have a pair of large antennae on your head. (SInv)


Message History

You block the gnoll's attack. x2
You slash the gnoll!
You kill the gnoll!
Your Axes skill increases to level 4!
You have reached level 4!
You feel stronger. The gnoll barely misses you.
You closely miss the gnoll. The gnoll barely misses you.
You hit the gnoll but do no damage. The gnoll hits you!
* * * LOW HITPOINT WARNING * * *
You block the gnoll's attack.
You closely miss the gnoll. The gnoll hits you.
* * * LOW HITPOINT WARNING * * *
Your shield and scale mail prevent you from hitting the gnoll.
You block the gnoll's attack.
You hit the gnoll but do no damage. You block the gnoll's attack.
The gnoll hits you.
* * * LOW HITPOINT WARNING * * *
Your shield prevents you from hitting the gnoll.
The gnoll hits you.
You die...

.#.# # ##.#.#
#.##.....
......# .!
#.##..#.###....
#.....g.....# #
#.##g#
#.##.##g###
#.......#@#
####.###g##
####.####.....#
#.......#.......
#.......#....>.#
#.#..
#.......#......#
....#
#.......#......#
##...#
#...†...#####...
.... #.......#
#.. ...


You could see a gnoll.

Vanquished Creatures
  2 gnolls (D:2)
  A dart slug (D:1)
  2 leopard geckos (D:1)
  A giant cockroach (D:1)
  4 goblins
  A hobgoblin (D:1)
  2 jackals (D:1)
  7 bats
  4 kobolds
  11 rats (D:1)
35 creatures vanquished.

Notes
Turn   | Place    | Note
-------+----------+-------------------------------------------
     0 | D:1      | Holeefuk the Formicid Fighter began the quest for the Orb.
     0 | D:1      | Reached XP level 1. HP: 18/18 MP: 1/1
   123 | D:1      | Reached XP level 2. HP: 22/24 MP: 2/2
   355 | D:1      | Reached skill level 3 in Axes
   762 | D:1      | Reached XP level 3. HP: 27/29 MP: 3/3
  1183 | D:2      | Reached skill level 4 in Axes
  1183 | D:2      | Reached XP level 4. HP: 15/35 MP: 4/4
  1188 | D:2      | HP: 1/35 [gnoll (3)]
  1189 | D:2      | Slain by a gnoll

Skill      XL: |  1  2  3 |
---------------+----------+-----
Axes           | 3 4 |  4.1
Fighting       | |  3.2
Armour         | |  3.2
Shields        | |  3.6

Action                   |  1- 3 |  4- 6 || total
-------------------------+-------+-------++-------
Melee: War axe           |   120 |     6 ||   126
 Abil: Dig               |     1 |       ||     1
  Eat: Chunk             |     1 |       ||     1
Armor: Scale mail        |    49 |       ||    49
Dodge: Dodged            |    35 |     2 ||    37
Block: Shield            |    45 |       ||    45
       Large shield      |    42 |     3 ||    45
